 Dungeon Crawl Stone Soup version 0.28-a0-906-g0406aca7d3 (webtiles) character file.

Game seed: 10949362731825619817

588 croobank the Poker (level 6, -2/42 HPs)
             Began as a Demigod Earth Elementalist on Nov 24, 2021.
             Slain by Duvessa (11 damage)
             ... on level 4 of the Dungeon.
             The game lasted 00:28:26 (4520 turns).

croobank the Poker (Demigod Earth Elementalist)     Turns: 4520, Time: 00:28:26

Health: -2/42      AC:  7    Str: 17    XL:     6   Next: 92%
Magic:  9/13       EV: 11    Int: 17    God:
Gold:   166        SH:  0    Dex: 14    Spells: 1/11 levels left

rFire   . . .      SeeInvis +   f - +0 trident (protect)
rCold   . . .      Faith    .   (no shield)
rNeg    . . .      Spirit   .   m - +0 ring mail
rPois   .          Reflect  .   (no helmet)
rElec   .          Harm     .   b - +0 cloak
rCorr   .          Rampage  .   t - +0 pair of gloves
Will    .....      Clarity  +   (no boots)
Stlth   +.........              (no amulet)
HPRegen 0.14/turn               o - ring of see invisible
MPRegen 0.13/turn               (no ring)

@: brilliant, flying
A: high mp 1, forlorn, clarity, frail 1
a: no special abilities


You were on level 4 of the Dungeon.
You visited 1 branch of the dungeon, and saw 4 of its levels.

You collected 166 gold pieces.

Inventory:

Hand Weapons
 a - a +2 dagger of venom
 f - a +0 trident of protection (weapon)
 g - a +1 vorpal scythe
 h - a +2 rapier of holy wrath
 q - a +2 quarterstaff of chaos
Missiles
 c - 42 stones
 d - 48 sling bullets
 l - 15 poisoned darts
Armour
 b - a +0 cloak (worn)
 m - a +0 ring mail (worn)
 p - a +0 chain mail
 r - a +0 tower shield
 t - a +0 pair of gloves (worn)
Jewellery
 o - a ring of see invisible (left hand)
Scrolls
 e - a scroll of amnesia
Potions
 i - a potion of mutation


   Skills:
 + Level 1.4 Fighting
 + Level 0.4 Short Blades
 * Level 4.1 Polearms
 - Level 2.1 Dodging
 + Level 2.2 Stealth
 * Level 1.0 Shields
 - Level 3.0 Spellcasting
 * Level 2.0 Conjurations
 + Level 0.8 Transmutations
 + Level 3.9 Earth Magic


You had one spell level left.
You knew the following spells:

 Your Spells              Type           Power      Damage    Failure   Level
a - Sandblast             Erth           46%        2d11      6%          1
b - Passwall              Tmut/Erth      13%        N/A       19%         2
c - Stone Arrow           Conj/Erth      38%        3d9       28%         3
d - Petrify               Tmut/Erth      16%        N/A       77%         4

Your spell library contained the following spells:

 Spells                   Type           Power      Damage    Failure   Level


Dungeon Overview and Level Annotations

Branches:
Dungeon (4/15)
 Temple: D:4-7

Annotations:
D:3 3 runed translucent doors, McGhostyFace's ghost, amateur GnWz; horus123's ghost, amateur DECj; logorrheac's ghost, weakling GnTm
D:4 Duvessa


Innate Abilities, Weirdness & Mutations

Your attributes grow dramatically as you level up.
You have an increased reservoir of magic. (+10% MP)
You shall have no god before yourself.
You possess an exceptional clarity of mind.
You are frail. (-10% HP)


Message History

You destroy the hound skeleton!
Your Conjurations skill increases to level 2!
You hit Duvessa.
Your weapon exudes an aura of protection.
Duvessa is lightly wounded.
Duvessa barely misses you.
You barely miss Duvessa.
Duvessa is lightly wounded.
Duvessa hits you with a +0 short sword. Duvessa hits you with a +0 short sword!
Unknown command.
You completely miss Duvessa.
Duvessa is lightly wounded.
Duvessa hits you but does no damage.
Press: ? - help, v - describe, . - travel, g - get item
Here: Duvessa, wielding a +0 short sword and wearing a +2 leather armour of cold resistance (lightly wounded, berserk)
Items here: a +0 whip; 15 poisoned darts; a +0 ring mail.
The floor, spattered with blood.
It was a potion of flight.
You feel very buoyant.
You fly up into the air.
Duvessa hits you but does no damage. x2
It was a potion of brilliance.
You feel clever all of a sudden. Duvessa hits you with a +0 short sword.
* * * LOW HITPOINT WARNING * * *
Casting: Sandblast (safe; 6% risk of failure)
Confirm with . or Enter, or press ? or * to list all spells.
The spell is quite dangerous to cast (28% risk of failure)!
Continue anyway?
Aiming: Stone Arrow (quite dangerous; 28% risk of failure)
Press: ? - help, Shift-Dir - straight line, f - Duvessa
Aim: Duvessa, wielding a +0 short sword and wearing a +2 leather armour of cold resistance (lightly wounded, berserk, 72% to hit)
You feel a surge of power!
The stone arrow hits Duvessa!
Duvessa is moderately wounded.
Duvessa misses you. x2
Okay, then.
Okay, then.
Duvessa barely misses you.
Duvessa rages.
Duvessa closely misses you. Duvessa hits you with a +0 short sword!
You die...

. ..........#..####
. ..........##....#
................# #
..................#
.
..................#
. .................#
. ........####....#
. #.
##....#.#####...# #
#..###.###@.#..#...#
#.........e.#.....##
#...............##
..#.##..###......###
#.## ##.......# ##K#
#.....### #.)#
#.......#
#..##........# n
K...........##......


You could see Duvessa (berserk) and a kobold.

Vanquished Creatures
  Sigmund (D:3)
  A sky beast (D:4)
  A phantom (D:4)
  Dowan (D:4)
  A hound (D:3)
  Crazy Yiuf (D:2)
  A hound skeleton (D:4)
  8 adders
  An adder skeleton (D:4)
  3 worms
  A dart slug (D:3)
  3 orcs (D:3)
  5 ball pythons
  5 bats
  5 endoplasms
  2 giant cockroaches
  2 goblins
  A hobgoblin (D:1)
  8 jackals (D:1)
  3 quokkas
  2 frilled lizards
  9 kobolds
  4 rats
69 creatures vanquished.

Vanquished Creatures (others)
  4 withered plants (D:3)
4 creatures vanquished.

Grand Total: 73 creatures vanquished

Notes
Turn   | Place    | Note
-------+----------+-------------------------------------------
     0 | D:1      | croobank the Demigod Earth Elementalist began the quest for
                  | the Orb.
     0 | D:1      | Reached XP level 1. HP: 14/14 MP: 5/5
   301 | D:1      | Reached XP level 2. HP: 20/20 MP: 4/7
  1240 | D:2      | Reached XP level 3. HP: 26/26 MP: 6/8
  1551 | D:2      | Found a runed translucent door.
  1552 | D:2      | Noticed Crazy Yiuf
  2495 | D:3      | Reached skill level 1 in Polearms
  2628 | D:3      | Reached XP level 4. HP: 33/33 MP: 10/10
  2642 | D:3      | Found a runed translucent gate.
  2642 | D:3      | Found a runed translucent gate.
  2642 | D:3      | Found a runed translucent gate.
  2646 | D:3      | Noticed horus123's ghost (amateur DECj)
  2646 | D:3      | Noticed logorrheac's ghost (weakling GnTm)
  2646 | D:3      | Noticed McGhostyFace's ghost (amateur GnWz)
  2656 | D:3      | Learned a level 2 spell: Passwall
  2660 | D:3      | Learned a level 3 spell: Stone Arrow
  2862 | D:3      | Noticed Sigmund
  2872 | D:3      | Gained mutation: You possess an exceptional clarity of
                  | mind. [potion of mutation]
  2872 | D:3      | Gained mutation: You are frail. (-10% HP) [potion of
                  | mutation]
  2876 | D:3      | Killed Sigmund
  2877 | D:3      | Reached skill level 1 in Fighting
  2877 | D:3      | Reached skill level 2 in Polearms
  2877 | D:3      | Reached skill level 1 in Conjurations
  2877 | D:3      | Reached XP level 5. HP: 10/36 MP: 10/12
  3193 | D:3      | Reached XP level 6. HP: 42/42 MP: 11/13
  3626 | D:2      | Killed Crazy Yiuf
  3627 | D:2      | Reached skill level 3 in Polearms
  4133 | D:4      | Learned a level 4 spell: Petrify
  4320 | D:4      | Noticed Dowan
  4333 | D:4      | Noticed Duvessa
  4334 | D:4      | Killed Dowan
  4335 | D:4      | Reached skill level 4 in Polearms
  4335 | D:4      | Reached skill level 1 in Shields
  4520 | D:4      | Slain by Duvessa

Illustrated notes

Levels and vault maps discovered:
D:1:      sevenhm_arrival_forest_fort_small_6, layout_loops_ring
D:2:      layout_basic, basic_altar, uniq_crazy_yiuf_cottage
D:3:      layout_loops_ring, gammafunk_ghost_cemetery,
          chequers_serial_rivers_micro_b, uniq_sigmund
D:4:      layout_cave_pools, minmay_temple_entry_sparse_star, minmay_puff,
          uniq_duvessa

Skill      XL: |  1  2  3  4  5  6 |
---------------+-------------------+-----
Earth Magic    | 3 |  3.9
Dodging        | 2 |  2.1
Spellcasting   | 2 3 |  3.0
Polearms       | 1 2 4 |  4.1
Stealth        | 2 |  2.2
Fighting       | 1 |  1.4
Conjurations   | 1 2 |  2.0
Shields        | 1 |  1.0
Short Blades   | |  0.4
Transmutations | |  0.8

Action                   |  1- 3 |  4- 6 || total
-------------------------+-------+-------++-------
Melee: Unarmed           |     8 |       ||     8
       Dagger            |    20 |       ||    20
       Trident           |    38 |    93 ||   131
Throw: Dart              |     7 |       ||     7
 Cast: Sandblast         |    37 |    21 ||    58
       Stone Arrow       |       |     2 ||     2
  Use: Scroll            |     5 |     1 ||     6
       Potion            |       |     9 ||     9
 Stab: Distracted        |     1 |       ||     1
       Sleeping          |     1 |       ||     1
Armor: Robe              |    16 |       ||    16
       Ring mail         |     7 |    40 ||    47
Dodge: Dodged            |    57 |    68 ||   125

Table legend: (Time is in decaauts)
 A = Elapsed time spent in this place.
 B = Non-inter-level travel time spent in this place.
 C = Inter-level travel time spent in this place.
 D = Time resting spent in this place.
 E = Time spent auto-exploring this place.
 F = Levels seen in this place.
 G = Mean time per level.
                   A        B        C        D        E       F      G
               +--------+--------+--------+--------+--------+-----+--------+
         Total |   4555 |   4429 |    126 |   1158 |   2401 |   4 | 1138.8 |
       Dungeon |   4555 |   4429 |    126 |   1158 |   2401 |   4 | 1138.8 |
               +--------+--------+--------+--------+--------+-----+--------+

Top non-repeatable levels by time:
     D:2: 1575 daAuts
     D:3: 1413 daAuts
     D:1: 1125 daAuts
     D:4: 440 daAuts
